 Dungeon Crawl Stone Soup version 0.26.1-15-g04117e645d (webtiles) character file.

Game seed: 12336012497679836220

154 BiteMe the Firebug (level 5, -14/35 HPs)
             Began as a Demonspawn Fire Elementalist on Dec 11, 2022.
             Demolished by an ogre
             ... wielding a +0 giant club
              (23 damage)
             ... on level 4 of the Dungeon.
             The game lasted 00:45:45 (5399 turns).

BiteMe the Firebug (Demonspawn Fire Elementalist)   Turns: 5399, Time: 00:45:45

Health: -14/35     AC:  3    Str:  8    XL:     5   Next: 13%
Magic:  5/10       EV: 12    Int: 18    God:
Gold:   155        SH:  0    Dex: 13    Spells: 10/11 levels left

rFire    + . .     SeeInvis .   y - +0 quarterstaff
rCold    . . .     Faith    .   (shield currently unavailable)
rNeg     . . .     Spirit   .   a - +0 robe
rPois    .         Reflect  .   (no helmet)
rElec    .         Harm     .   (no cloak)
rCorr    .         Rampage  .   m - +0 pair of gloves
Will     .....                  (no boots)
Stlth    ++........             (no amulet)
HPRegen  0.11/turn              (no ring)
MPRegen  0.12/turn              (no ring)

@: no status effects
A: hooves 1, fire resistance 1, powered by death 2
a: no special abilities


You were on level 4 of the Dungeon.
You visited 1 branch of the dungeon, and saw 4 of its levels.

You collected 155 gold pieces.

Inventory:

Hand Weapons
 b - a +0 mace
 d - a +0 short sword
 f - a +0 club
 j - a +0 dagger
 k - a +0 spear
 t - a +0 club
 u - a +0 whip
 v - a +0 hand axe
 y - a +0 quarterstaff (weapon)
 C - a +0 rapier
 F - a +0 war axe
Missiles
 c - 21 bolts
Armour
 a - a +0 robe (worn)
 l - a +0 chain mail
 m - a +0 pair of gloves (worn)
 r - a +0 ring mail
 w - a +0 plate armour
 z - a cursed -1 leather armour
Jewellery
 e - an uncursed ring of protection from cold {unknown}
Wands
 q - a wand of flame (14)
Scrolls
 h - a scroll of remove curse {unknown}
 i - 5 scrolls of identify {unknown}
 p - a scroll of fog {unknown}
 D - a scroll of teleportation {unknown}
 E - a scroll of immolation {unknown}
 G - a scroll of amnesia {unknown}
Potions
 g - 2 potions of magic {unknown}
 o - a potion of haste {unknown}
 s - a potion of heal wounds {unknown}
 x - a potion of attraction {unknown}
 A - a potion of might {unknown}
 B - 2 potions of lignification {unknown}


   Skills:
 - Level 0.4 Maces & Flails
 - Level 1.7 Dodging
 - Level 1.7 Stealth
 * Level 3.5 Spellcasting
 + Level 1.6 Conjurations
 * Level 4.1 Fire Magic


You had 10 spell levels left.
You knew the following spells:

 Your Spells              Type           Power        Failure   Level
a - Foxfire               Conj/Fire      52%          4%          1

Your spell library contained the following spells:

 Spells                   Type           Power        Failure   Level
 Conjure Flame            Conj/Fire      13%          14%         3
 Inner Flame              Hex/Fire       10%          21%         3
 Sticky Flame             Conj/Fire      13%          43%         4
 Fireball                 Conj/Fire      6%           78%         5


Dungeon Overview and Level Annotations

Branches:
Dungeon (4/15)
 Temple: D:4-7

Altars:
Elyvilon
Nemelex Xobeh
Uskayaw


Innate Abilities, Weirdness & Mutations

You have large cloven feet.
Your flesh is heat resistant. (rF+)
You regenerate health from kills.


Message History

The foxfire hits the ogre.
The ogre is heavily wounded.
The ogre hits you with a +0 giant club!!
Ouch! That really hurt!
* * * LOW HITPOINT WARNING * * *
Blink to where?
Press: ? - help, Dir - move target
As you read the scroll of blinking, it crumbles to dust.
Casting: Foxfire (safe; 4% risk of failure)
Press: ? - help, Q - select action, (/) - cycle Dir - look around, f - activate You conjure some foxfire!
The foxfire hits the ogre.
The ogre is severely wounded.
You hit the ogre but do no damage. You kick the ogre.
The ogre is severely wounded.
The foxfire hits the ogre.
The ogre is severely wounded.
The ogre hits you with a +0 giant club!!
Ouch! That really hurt!
You die...

... ... ...
#.# #.# #.#
####.# #+#
#.O..# #.#
#@#### #.#
#.# ##.## #.#
##...##
#.######
#.....#
#......#
##.....
######.#
##.#.#
#.#######.#..
#............
#########.###


You could see an ogre.

Vanquished Creatures
  An orc priest (D:4)
  4 adders
  An ooze (D:2)
  2 worms (D:3)
  3 leopard geckos
  8 orcs
  2 ball pythons
  7 bats
  4 giant cockroaches
  7 hobgoblins
  2 jackals (D:2)
  2 kobolds (D:1)
  A quokka (D:4)
  5 frilled lizards
  9 goblins
  11 rats
69 creatures vanquished.

Vanquished Creatures (collateral kills)
  A foxfire (D:1)
1 creature vanquished.

Vanquished Creatures (others)
  193 foxfires
  5 plants (D:1)
198 creatures vanquished.

Grand Total: 268 creatures vanquished

Notes
Turn   | Place    | Note
-------+----------+-------------------------------------------
     0 | D:1      | BiteMe the Demonspawn Fire Elementalist began the quest for
                  | the Orb.
     0 | D:1      | Reached XP level 1. HP: 13/13 MP: 3/3
   206 | D:1      | Reached skill level 3 in Fire Magic
   365 | D:1      | Gained mutation: Your flesh is heat resistant. (rF+)
                  | [demonic ancestry]
   365 | D:1      | Reached XP level 2. HP: 19/19 MP: 1/5
  1682 | D:2      | Found a sparkling altar of Nemelex Xobeh.
  2009 | D:2      | Gained mutation: You regenerate a little health from kills.
                  | [demonic ancestry]
  2009 | D:2      | Reached XP level 3. HP: 23/24 MP: 3/6
  2275 | D:2      | Found a faded altar of an unknown god.
  3336 | D:3      | Gained mutation: You have large cloven feet. [demonic
                  | ancestry]
  3336 | D:3      | Reached XP level 4. HP: 30/30 MP: 1/8
  3664 | D:3      | Found a white marble altar of Elyvilon.
  4217 | D:3      | Found a hide-covered altar of Uskayaw.
  4648 | D:4      | Reached skill level 4 in Fire Magic
  4648 | D:4      | Gained mutation: You regenerate health from kills. [demonic
                  | ancestry]
  4648 | D:4      | Reached XP level 5. HP: 35/35 MP: 0/10
  5384 | D:4      | Noticed an ogre
  5399 | D:4      | Demolished by an ogre

Illustrated notes

Levels and vault maps discovered:
D:1:      lemuel_arrival_broad_hall, layout_loops_ring, serial_forest,
          infiniplex_forest_join, infiniplex_forest_clump_small,
          infiniplex_forest_lined_corner, infiniplex_forest_3_way,
          infiniplex_forest_clump_small
D:2:      layout_loops_cross, chequers_ecumenical_altar_simple_redux,
          nemelex_spade_bored_becter
D:3:      layout_basic, lemuel_crystal_altar, nicolae_overflow_crystal_walls
D:4:      layout_loops_corners

Skill      XL: |  1  2  3  4 |
---------------+-------------+-----
Fire Magic     | 3 4 |  4.1
Spellcasting   | 3 |  3.5
Maces & Flails | |  0.4
Dodging        | |  1.7
Stealth        | |  1.7
Conjurations   | |  1.6

Action                   |  1- 3 |  4- 6 || total
-------------------------+-------+-------++-------
Melee: Mace              |    41 |     1 ||    42
       Quarterstaff      |       |     3 ||     3
       Kick              |       |     1 ||     1
 Cast: Foxfire           |    65 |    49 ||   114
  Use: Scroll            |       |     2 ||     2
Armor: Robe              |     9 |     8 ||    17
Dodge: Dodged            |    25 |    18 ||    43
